AoeStats
← Sidnarref

Arena

509652339Analyzed
1v1 RM · 5d ago on Sep 27, 2026· 39m 36s· 2 players
Game mode
Random Map
Map size
Tiny (2 player)
Population
200
Speed
Normal
Resources
Standard
Victory
Conquest
Starting age
Dark Age
Ending age
Imperial Age
RankedLock teamsTeams togetherTeam positionsShared explorationLock speedFull tech treeHidden civsTurbo modeCheats
Victory
Defeat
🇬🇧 Byzantines · United Kingdom
813
+16
🇺🇸 Romans · United States
817
-16
Sidnarref
9:56 Loom
11:48 Feudal Age
13:22 Wheelbarrow
12:36 Double-Bit Axe
13:23 Horse Collar
19:31 Castle Age
18:02 Padded Archer Armor
18:22 Loom
20:52 Bow Saw
20:46 Heavy Plow
22:34 Crossbowman
24:43 Hand Cart
24:52 Fervor
28:18 Forging
31:32 Gold Mining
31:32 Stone Mining
31:47 Elite Skirmisher
33:10 Thumb Ring
38:33 Imperial Age
37:05 Fortified Wall
36:51 Murder Holes
36:36 Treadmill Crane
37:17 Ballistics
36:51 Fletching
37:16 Leather Archer Armor
37:02 Scale Mail Armor
37:08 Scale Barding Armor
38:48 Gold Shaft Mining
38:48 Stone Shaft Mining
39:18 Redemption
39:09 Arbalester
shifty3737
10:48 Feudal Age
15:07 Castle Age
13:22 Double-Bit Axe
13:20 Horse Collar
15:28 Forging
17:36 Man-at-Arms
18:19 Squires
21:18 Iron Casting
20:55 Gold Mining
21:10 Scale Mail Armor
20:44 Long Swordsman
21:49 Pikeman
23:08 Heavy Plow
25:27 Loom
26:17 Wheelbarrow
25:27 Town Watch
32:09 Imperial Age
31:47 Stone Mining
35:28 Capped Ram
35:51 Halberdier
Connection lost

Rejoining the realm…

Still unreachable

The connection could not be restored.

Session expired

The server has moved on; the page needs a fresh start.